 Dungeon Crawl Stone Soup version 0.30-a0-374-g95c0257040 (webtiles) character file.

Game seed: 17785601671046113443

161 KennySheep the Shooter (level 5, -2/30 HPs)
             Began as a Deep Elf Warper on Nov 27, 2022.
             Was an Initiate of Okawaru.
             Slain by a black bear (3 damage)
             ... on level 4 of the Dungeon.
             The game lasted 00:10:29 (3698 turns).

KennySheep the Shooter (Deep Elf Warper)            Turns: 3698, Time: 00:10:29

Health: -2/30      AC:  4    Str:  8    XL:     5   Next: 19%
Magic:  11/11      EV: 12    Int: 18    God:    Okawaru [......]
Gold:   176        SH:  5    Dex: 16    Spells: 8/10 levels left

rFire   . . .      SeeInvis .    a - +0 sling
rCold   . . .      Faith    .    (no shield)
rNeg    . . .      Spirit   .    D - +0 leather armour
rPois   .          Reflect  +    (no helmet)
rElec   .          Harm     .    (no cloak)
rCorr   +          Rampage  .    v - +0 pair of gloves
Will    .....                    (no boots)
Stlth   ++........               k - amulet of reflection
HPRegen 0.25/turn                m - ring of resist corrosion
MPRegen 0.12/turn                (no ring)

@: no status effects
A: no striking features
a: Renounce Religion


You were on level 4 of the Dungeon.
You worshipped Okawaru.
Okawaru was noncommittal.
You visited 1 branch of the dungeon, and saw 4 of its levels.

You collected 176 gold pieces.

Inventory:

Hand Weapons
 a - a +0 sling (weapon)
 b - a +1 short sword
Missiles
 d - 2 boomerangs of dispersal
Armour
 v - a +0 pair of gloves (worn)
 D - a +0 leather armour (worn)
Jewellery
 k - an amulet of reflection (around neck)
 m - a ring of resist corrosion (left hand)
 x - a +6 ring of intelligence
 z - a ring of fire
Wands
 r - a wand of iceblast (12)
 B - a wand of paralysis (8)
Scrolls
 c - a scroll of blinking
 e - a scroll of enchant weapon
 f - a scroll of noise
 g - 2 scrolls of magic mapping
 h - 2 scrolls of immolation
 i - a scroll of teleportation
 n - 3 scrolls of fear {unknown}
 p - a scroll of fog
 u - a scroll of amnesia {unknown}
 y - 2 scrolls of identify
 A - a scroll of poison {unknown}
Potions
 j - a potion of invisibility {unknown}
 l - a potion of resistance
 o - a potion of lignification {unknown}
 q - a potion of haste
 s - a potion of mutation {unknown}
 t - a potion of might {unknown}
 w - a potion of heal wounds {unknown}
 C - a potion of curing


   Skills:
 + Level 2.2 Fighting
 - Level 2.0 Short Blades
 * Level 4.7 Ranged Weapons
 - Level 1.0 Throwing
 - Level 0.7 Armour
 - Level 2.4 Dodging
 + Level 3.1 Stealth
 - Level 3.0 Spellcasting
 - Level 3.2 Translocations
 + Level 0.8 Invocations


You had 8 spell levels left.
You knew the following spells:

 Your Spells              Type           Power      Damage    Failure   Level
a - Blink                 Tloc           28%        N/A       9%          2

Your spell library contained the following spells:

 Spells                   Type           Power      Damage    Failure   Level
 Lesser Beckoning         Tloc           28%        N/A       19%         3
 Teleport Other           Tloc           14%        N/A       19%         3
 Vhi's Electric Charge    Tloc/Air       16%        N/A       34%         3
 Manifold Assault         Tloc           14%        N/A       52%         4
 Storm Form               Tmut/Air       1%         N/A       100%        7
 Maxwell's Capacitive Co  Air            1%         ∞         100%        8
 Summon Lightning Spire   Summ/Air       Unusable   N/A       N/A         4

Dungeon Overview and Level Annotations

Branches:
Dungeon (4/15)             Temple (0/1) D:4

Altars:
Ashenzari
Makhleb
Okawaru


Message History

The black bear claws you but does no damage.
You block the black bear's attack.
You shoot a sling bullet. The sling bullet hits the black bear.
The black bear is heavily wounded.
The black bear bites you but does no damage.
The black bear claws you but does no damage. x2
You shoot a sling bullet.
The sling bullet barely misses the black bear.
The black bear barely misses you. You block the black bear's attack.
The black bear misses you.
You shoot a sling bullet.
The sling bullet hits the black bear but does no damage.
The black bear is heavily wounded.
The black bear bites you but does no damage.
The black bear barely misses you. The black bear misses you.
You shoot a sling bullet. The sling bullet hits the black bear.
The black bear is severely wounded.
The black bear bites you but does no damage.
The black bear claws you but does no damage.
The black bear claws you. The black bear bites you.
The black bear barely misses you. The black bear claws you.
You shoot a sling bullet.
The sling bullet barely misses the black bear.
The black bear bites you. The black bear closely misses you.
The black bear claws you but does no damage.
You shoot a sling bullet. The sling bullet hits the black bear.
The black bear is severely wounded.
The black bear goes berserk!
You shoot a sling bullet. The sling bullet hits the black bear.
The black bear is almost dead.
The black bear closely misses you. The black bear barely misses you.
The black bear claws you. The black bear bites you.
* * * LOW HITPOINT WARNING * * *
The black bear misses you. The black bear barely misses you.
You shoot a sling bullet. The sling bullet hits the black bear.
The black bear is almost dead.
The black bear bites you!
* * * LOW HITPOINT WARNING * * *
The black bear misses you. The black bear claws you.
You die...

......############..# .....##
#########..##
.....#####..........)#
.##...........#.##.#.#
.##.......###.#.##.#.#
..........# #......#.# .####
..........# #.#.####.# .....
..#.......# #.#.####.#####..##..
.##.......###.#.@h..............
###...........######............
.#########...## #.........##.
.### #...# #............ .._#
#...# ##.....##.### #.### #...#
##..#.# .# .##.######.>.######
#..#.##..
##..#.....<.......####.........
#.............................


You could see a black bear (berserk).

Vanquished Creatures
  An iguana (D:4)
  6 adders
  A shadow imp (D:4)
  An ufetubus (D:4)
  A worm (D:3)
  An orc (D:4)
  2 bats
  8 endoplasms
  2 giant cockroaches
  6 hobgoblins
  2 jackals (D:3)
  2 quokkas
  6 ball pythons
  5 frilled lizards
  9 goblins
  6 kobolds
  8 rats
67 creatures vanquished.

Notes
Turn   | Place    | Note
-------+----------+-------------------------------------------
     0 | D:1      | KennySheep the Deep Elf Warper began the quest for the Orb.
     0 | D:1      | Reached XP level 1. HP: 12/12 MP: 6/6
    59 | D:1      | Reached skill level 1 in Ranged Weapons
   220 | D:1      | Reached skill level 1 in Stealth
   393 | D:1      | Reached XP level 2. HP: 16/16 MP: 8/8
   398 | D:1      | Reached skill level 2 in Ranged Weapons
   875 | D:1      | Learned a level 2 spell: Blink
  1168 | D:2      | Reached skill level 3 in Ranged Weapons
  1168 | D:2      | Reached XP level 3. HP: 20/20 MP: 9/9
  2057 | D:3      | Reached XP level 4. HP: 26/26 MP: 10/10
  2423 | D:3      | Reached skill level 4 in Ranged Weapons
  2915 | D:4      | Found a broken altar of Ashenzari.
  2940 | D:4      | Found an iron altar of Okawaru.
  3024 | D:4      | Became a worshipper of Warmaster Okawaru
  3100 | D:4      | Found a staircase to the Ecumenical Temple.
  3242 | D:4      | Reached XP level 5. HP: 12/30 MP: 11/11
  3576 | D:4      | Found a burning altar of Makhleb.
  3674 | D:4      | Noticed a black bear
  3698 | D:4      | HP: 1/30 [black bear (7)]
  3698 | D:4      | Slain by a black bear

Illustrated notes

Levels and vault maps discovered:
D:1:      dpeg_arrival_round_a, layout_loops_ring, minmay_tiny_reverse_x
D:2:      layout_basic, kennysheep_doodads, chequers_garden, minivault_27
D:3:      layout_loops_cross, minmay_misc_feat_ornament
D:4:      layout_loops_cross, mainiacjoe_overflow_two_lobes,
          mainiacjoe_overflow_24_doors, marbit_many_paths,
          nzn_wu_jian_council_hall, mainiacjoe_overflow_paths,
          minmay_temple_entry_stoned_glass

Skill      XL: |  1  2  3  4 |
---------------+-------------+-----
Ranged Weapons | 1 3 4 |  4.7
Stealth        | 1 2 3 |  3.1
Fighting       | 2 |  2.2
Short Blades   | |  2.0
Throwing       | |  1.0
Armour         | |  0.7
Dodging        | |  2.4
Spellcasting   | |  3.0
Translocations | |  3.2
Invocations    | |  0.8

Action                   |  1- 3 |  4- 6 || total
-------------------------+-------+-------++-------
Melee: Short sword       |   182 |   104 ||   286
       Punch             |       |     1 ||     1
 Fire: Sling             |       |    16 ||    16
Throw: Boomerang         |     5 |       ||     5
  Use: Scroll            |     5 |     1 ||     6
       Potion            |     3 |     1 ||     4
 Stab: Sleeping          |     6 |     6 ||    12
Armor: Leather armour    |    32 |    27 ||    59
Dodge: Dodged            |    77 |    51 ||   128
Block: Other             |    17 |    24 ||    41

Table legend: (Time is in decaauts)
 A = Elapsed time spent in this place.
 B = Non-inter-level travel time spent in this place.
 C = Inter-level travel time spent in this place.
 D = Time resting spent in this place.
 E = Time spent auto-exploring this place.
 F = Levels seen in this place.
 G = Mean time per level.
                   A        B        C        D        E       F      G
               +--------+--------+--------+--------+--------+-----+--------+
         Total |   3653 |   3497 |    156 |    316 |   2322 |   4 |  913.2 |
       Dungeon |   3653 |   3497 |    156 |    316 |   2322 |   4 |  913.2 |
               +--------+--------+--------+--------+--------+-----+--------+

Top non-repeatable levels by time:
     D:1: 1134 daAuts
     D:2: 860 daAuts
     D:3: 855 daAuts
     D:4: 803 daAuts
